 Dungeon Crawl Stone Soup version 0.19.1 (webtiles) character file.

714 Peloso the Shield-Bearer (level 7, -1/59 (60) HPs)
             Began as a Ghoul Fighter on Dec 8, 2016.
             Was an Initiate of Okawaru.
             Slain by a hippogriff (6 damage)
             ... on level 5 of the Dungeon.
             The game lasted 00:09:20 (2963 turns).

Peloso the Shield-Bearer (Ghoul Fighter)            Turns: 2963, Time: 00:09:20

HP:   -1/59 (60)    AC: 10    Str: 20    XL:     7   Next: 69%
MP:   6/6           EV:  6    Int:  3    God:    Okawaru [......]
Gold: 191           SH:  9    Dex: 10    Spells: 0 memorised, 6 levels left

rFire  + . .     SeeInvis .     a - +0 long sword
rCold  . . .     Gourm    .     n - +0 chain mail
rNeg   + + +     Faith    .     c - +0 shield
rPois  ∞         Spirit   .     (no helmet)
rElec  .         Reflect  .     k - +0 cloak
rCorr  .         Harm     .     (no gloves)
MR     .....                    (no boots)
Stlth  ..........               (no amulet)
                                (no ring)
                                q - ring of fire

@: rotting
A: rotting body, claws 1, carnivore 3, cold resistance 1, negative energy
resistance 3, slow regeneration 1, torment resistance, unbreathing
a: Renounce Religion


You were on level 5 of the Dungeon.
You worshipped Okawaru.
Okawaru was noncommittal.
You were not hungry.

You visited 1 branch of the dungeon, and saw 5 of its levels.

You collected 191 gold pieces.

Inventory:

Hand Weapons
 a - a +0 long sword (weapon)
Armour
 b - a +0 scale mail
 c - a +0 shield (worn)
 k - a +0 cloak (worn)
 n - a +0 chain mail (worn)
Jewellery
 q - a ring of fire (left claw)
Wands
 d - a wand of random effects (27/48)
 t - a wand of random effects (27/48)
Scrolls
 e - 5 scrolls of teleportation
 h - 3 scrolls of magic mapping {unknown}
 j - a scroll of noise {unknown}
 m - 5 scrolls of identify {unknown}
 o - 3 scrolls of remove curse {unknown}
 s - a scroll of blinking {unknown}
 u - a scroll of enchant weapon {unknown}
Potions
 g - 3 potions of heal wounds
 l - a potion of cancellation {unknown}
 r - a potion of cure mutation {unknown}
Comestibles
 f - 2 meat rations
 i - a royal jelly
 p - a beef jerky
 v - a chunk of flesh


   Skills:
 + Level 4.4 Fighting
 + Level 4.3 Long Blades
 + Level 3.9 Armour
 + Level 1.3 Dodging
 + Level 2.9 Stealth
 + Level 4.7 Shields
 + Level 0.3 Evocations


You had 6 spell levels left.
You didn't know any spells.

Dungeon Overview and Level Annotations

Branches:
Dungeon (5/15)             Temple (0/1) D:5

Altars:
Okawaru

Shops:
D:4 !


Innate Abilities, Weirdness & Mutations

Your body is rotting away.
You thrive on raw meat.
You are immune to poison.
You have sharp fingernails.
You are carnivorous and can eat meat at any time.
Your flesh is cold resistant. (rC+)
You are immune to negative energy. (rN+++)
You regenerate slowly when monsters are visible.
You are immune to unholy pain and torment.
You can survive without breathing.


Message History

The hippogriff is heavily wounded.
The hippogriff bites you but does no damage.
You block the hippogriff's attack. x2; The crimson imp blinks!
Unknown command.
You hit the hippogriff.
The hippogriff is heavily wounded.
You block the hippogriff's attack.
The hippogriff pecks you but does no damage.
The hippogriff claws you.
* * * LOW HITPOINT WARNING * * *
Unknown command.
You hit the hippogriff.
The hippogriff is severely wounded.
The hippogriff bites you!
* * * LOW HITPOINT WARNING * * *
The hippogriff closely misses you. The hippogriff claws you.
* * * LOW HITPOINT WARNING * * *
You block the hippogriff's attack. The hippogriff barely misses you.
The hippogriff claws you.
You die...

# ..# . !# #.# .#
..###.# ##.# # #.
.#.##...... ###.#
.....##.# ###>...
#.......##
.......##.....#...
.......@H.<.(.....
###....##.........
.....## #.........
.### #.....#...
................
...######.###..#
.# ..# .. .. ...


You could see a hippogriff.

Vanquished Creatures
  Sigmund (D:3)
  A black bear (D:3)
  An ogre (D:5)
  A scorpion (D:4)
  A centaur zombie (D:5)
  A centaur skeleton (D:4)
  2 orc priests (D:3)
  Ijyb (D:2)
  Terence (D:3)
  Robin (D:3)
  4 adders
  A gnoll (D:2)
  A shadow imp (D:5)
  2 oozes
  An adder skeleton (D:3)
  5 dart slugs
  4 leopard geckos
  5 orcs
  3 giant cockroaches
  10 goblins
  6 hobgoblins
  7 jackals
  2 quokkas
  6 bats
  4 frilled lizards
  8 kobolds
  A leopard gecko zombie (D:5)
  7 rats
88 creatures vanquished.

Notes
Turn   | Place    | Note
-------+----------+-------------------------------------------
     0 | D:1      | Peloso the Ghoul Fighter began the quest for the Orb.
     0 | D:1      | Reached XP level 1. HP: 19/19 MP: 0/0
   122 | D:1      | Reached XP level 2. HP: 14/26 MP: 1/1
   206 | D:1      | HP: 1/26 [jackal (2)]
   277 | D:1      | Reached XP level 3. HP: 28/31 MP: 2/2
  1114 | D:2      | Reached XP level 4. HP: 27/37 MP: 3/3
  1261 | D:3      | Noticed Sigmund
  1297 | D:2      | Noticed Ijyb
  1346 | D:2      | Killed Ijyb
  1585 | D:3      | Killed Sigmund
  1585 | D:3      | Reached skill level 1 in Dodging
  1585 | D:3      | Reached XP level 5. HP: 43/44 MP: 4/4
  1585 | D:3      | Reached XP level 6. HP: 49/50 MP: 5/5
  1712 | D:3      | Noticed Robin
  1729 | D:3      | Killed Robin
  1747 | D:3      | Noticed a black bear
  1755 | D:3      | Killed a black bear
  1755 | D:3      | Reached XP level 7. HP: 32/60 MP: 6/6
  1845 | D:3      | Noticed Terence
  1859 | D:3      | Killed Terence
  2182 | D:3      | Found an iron altar of Okawaru.
  2192 | D:3      | Became a worshipper of Warmaster Okawaru
  2527 | D:4      | Found Puesy's Distillery.
  2900 | D:5      | Entered Level 5 of the Dungeon
  2900 | D:5      | Found a staircase to the Ecumenical Temple.
  2942 | D:5      | Noticed a hippogriff
  2963 | D:5      | Slain by a hippogriff

Skill      XL: |  1  2  3  4  5  6  7 |
---------------+----------------------+-----
Shields        | 3 4 |  4.7
Long Blades    | 2 3 4 |  4.3
Armour         | 3 |  3.9
Fighting       | 4 |  4.4
Dodging        | 1 |  1.3
Stealth        | 2 |  2.9
Evocations     | |  0.3

Action                   |  1- 3 |  4- 6 |  7- 9 || total
-------------------------+-------+-------+-------++-------
Melee: Long sword        |   158 |   137 |   149 ||   444
Evoke: Wand              |       |     3 |       ||     3
  Use: Scroll            |       |     1 |       ||     1
       Potion            |       |     1 |       ||     1
 Stab: Paralysed         |       |     6 |       ||     6
  Eat: Chunk             |     8 |     6 |     3 ||    17
Armor: Scale mail        |   110 |       |       ||   110
       Chain mail        |       |   117 |    97 ||   214
Dodge: Dodged            |    72 |    46 |    31 ||   149
Block: Shield            |   101 |   103 |    86 ||   290
       Rpst.: Long sword |    14 |    10 |     3 ||    27
